Demolitions vs Gangsters
Created - April 19, 2017 at 19:03
Goals
|
Demolitions |
1 |
1 |
0 |
2 |
Gangsters |
3 |
2 |
2 |
7 |
|
Shots
|
Demolitions |
2 |
3 |
11 |
16 |
Gangsters |
9 |
9 |
13 |
31 |
|
1st period
1. Demolitions , Ryan Vesce 33 (Darren Helm 44) at 1:58 (PP)
2. Gangsters , Sean Couturier 10 (Taylor Doherty 3, Richard Panik 20) at 4:25
3. Gangsters , Sean Couturier 11 (Taylor Doherty 4) at 7:56
4. Gangsters , Mikko Lehtonen 41 (Shaun Heska 35) at 12:55 (PP)
Penalties :
Mikko Lehtonen (Bro) for Holding (Minor) at 1:54, Jonas Brodin (Bro) for Holding (Minor) at 4:43, Nigel Dawes (Vic) for Hooking (Minor) at 8:11, Nigel Dawes (Vic) for Boarding (Minor) at 12:22, Nigel Dawes (Vic) for Interference (Minor) at 13:24
2nd period
5. Gangsters , Gustav Nyquist 3 (Artem Anisimov 8) at 8:50
6. Gangsters , Ben Holmstrom 18 (Shaun Heska 36, Stefan Noesen 8) at 10:06
7. Demolitions , Josh Beaulieu 6 (David Rundblad 21, Cameron Schilling 22) at 18:30
Penalties :
Cameron Schilling (Vic) for Hooking (Minor) at 1:52
3rd period
8. Gangsters , Richard Panik 22 (Dave Dziurzynski 30, Matt Delahey 15) at 10:12
9. Gangsters , Nick Foligno 17 (Artem Anisimov 9, Gustav Nyquist 3) at 13:38 (PP)
Penalties :
Darren Helm (Vic) for Hooking (Minor) at 0:19, Seth Helgeson (Vic) for Tripping (Minor) at 6:21, Taylor Aronson (Vic) for Holding (Minor) at 13:22, Ryan Vesce (Vic) for Holding (Minor) at 14:06
Goalie Stats
Joe Cannata (Vic), 9 saves from 13 shots - (0.692), L, 9-15-1, 28:50 minutes
Jussi Rynnas (Vic), 15 saves from 18 shots - (0.833), 31:10 minutes
Braden Holtby (Bro), 14 saves from 16 shots - (0.875), W, 15-12-1, 60:00 minutes
Players Stats for Demolitions
Player Name G A P +/- PIM S H SB GA TA FO MP PP MP PK MP
------------------------------------------------------------------------------------
Andrew Campbell 0 0 0 -2 0 0 2 1 0 0 0/0 20:06 0:59 5:12
Billy Sweat 0 0 0 -1 0 0 1 0 0 0 0/1 8:50 0:00 0:00
Bobby Butler 0 0 0 -2 0 1 2 1 0 0 7/12 28:23 1:08 6:56
Cameron Schilling 0 1 1 0 2 2 2 1 0 1 0/0 27:10 1:04 6:18
Corban Knight 0 0 0 0 0 1 1 0 0 0 1/3 7:57 0:00 0:42
Darren Helm 0 1 1 -2 2 0 2 0 0 0 13/23 20:10 1:08 3:24
David Laliberté 0 0 0 -1 0 2 1 0 1 0 0/1 14:45 0:55 0:00
David Rundblad 0 1 1 0 0 0 3 1 1 0 0/0 25:29 1:04 7:23
Josh Beaulieu 1 0 1 0 0 3 1 0 0 0 0/0 10:23 0:00 2:10
Marek Zagrapan 0 0 0 -1 0 0 0 0 1 0 3/11 14:27 0:55 0:00
Nick Pryor 0 0 0 0 0 0 0 0 0 0 0/0 3:37 0:00 1:16
Nicolas Blanchard 0 0 0 -1 0 2 2 1 0 1 1/3 13:26 0:00 4:48
Nigel Dawes 0 0 0 -1 6 1 3 2 0 0 1/1 22:28 0:55 4:12
Robert Bortuzzo 0 0 0 -2 0 0 0 1 0 0 0/0 11:56 0:00 0:00
Ryan Vesce 1 0 1 -2 2 3 1 1 1 2 1/2 20:10 1:08 3:14
Seth Helgeson 0 0 0 -2 2 1 4 1 1 0 0/0 19:17 0:59 4:03
Taylor Aronson 0 0 0 -2 2 0 0 0 0 0 0/0 13:10 0:00 1:14
Vince Rocco 0 0 0 -1 0 0 1 0 0 0 0/1 5:25 0:00 0:00
Players Stats for Gangsters
Player Name G A P +/- PIM S H SB GA TA FO MP PP MP PK MP
------------------------------------------------------------------------------------
Artem Anisimov 0 2 2 1 0 2 3 1 0 0 16/34 21:58 6:41 0:38
Austen Brassard 0 0 0 0 0 0 0 0 0 0 0/0 0:25 0:00 0:21
Ben Holmstrom 1 0 1 0 0 2 0 0 0 0 2/2 7:49 0:00 0:00
Curtis McKenzie 0 0 0 0 0 0 1 0 0 0 0/0 8:21 0:00 0:15
Dave Dziurzynski 0 1 1 3 0 1 2 0 0 0 1/1 10:50 0:00 0:00
Devante Smith-Pelly 0 0 0 0 0 0 0 0 0 0 0/0 0:00 0:00 0:00
Gustav Nyquist 1 1 2 1 0 3 2 0 0 0 2/3 22:27 6:41 1:03
Jonas Brodin 0 0 0 0 2 0 1 1 0 1 0/0 19:37 5:19 0:04
Magnus Paajarvi-Svensson 0 0 0 0 0 3 1 0 1 0 1/1 16:55 5:19 0:00
Matt Delahey 0 1 1 2 0 1 5 2 2 1 0/0 29:27 7:24 0:54
Maxime Sauvé 0 0 0 0 0 0 4 0 0 0 6/9 17:33 5:19 0:38
Michael Sdao 0 0 0 2 0 0 5 1 1 1 0/0 24:20 5:19 1:09
Mikko Lehtonen 1 0 1 0 2 5 1 0 0 0 0/0 16:54 5:19 0:00
Nick Foligno 1 0 1 1 0 5 0 2 0 0 0/1 22:31 6:46 1:04
Phil McRae 0 0 0 0 0 1 0 0 0 0 0/0 1:02 0:46 0:00
Phillip Danault 0 0 0 0 0 0 0 0 0 0 0/0 0:59 0:43 0:00
Richard Panik 1 1 2 3 0 3 2 0 0 1 0/0 11:39 0:35 0:00
Sean Couturier 2 0 2 3 0 2 1 0 0 0 3/7 11:05 0:00 0:07
Shaun Heska 0 2 2 2 0 2 0 1 0 1 0/0 31:20 7:24 0:54
Stefan Noesen 0 1 1 0 0 1 1 0 0 0 0/0 7:49 0:00 0:00
Taylor Doherty 0 2 2 2 0 0 1 0 0 0 0/0 14:54 0:00 1:05
3 Stars
1 - Sean Couturier (Bro)
2 - Richard Panik (Bro)
3 - Gustav Nyquist (Bro)
Power Play
Demolitions - 1 on 2 Attempt(s) - 50.00%
Gangsters - 2 on 8 Attempt(s) - 25.00%
Penalty Kill
Demolitions - 6 on 8 Attempt(s) - 75.00%
- Score 0 goal in Penalty Kill
Gangsters - 1 on 2 Attempt(s) - 50.00%
- Score 0 goal in Penalty Kill
Team Stat
Demolitions - Hits : 26 - Faceoff Wins : 27 - Blocked Shots : 10 - Penalty Minutes : 16
Gangsters - Hits : 30 - Faceoff Wins : 31 - Blocked Shots : 8 - Penalty Minutes : 4
Official
Referees : Furlatt Eric and Rehman Kyle
Linesman : Mark Wheler and Andy McElman
Game Notes
Jussi Rynnas enters game at 8:50 of 2nd period
Finance
Level 1 -- Attendance: 1433 (71.65%) -- Ticket Income $50,155
Level 2 -- Attendance: 777 (77.70%) -- Ticket Income $11,655
Total Attendance: 2210 (73.67%)
Total Ticket Income: $61,810
Other Income: $3,090
Total Income: $64,900
Demolitions
5 vs 5 Forward
Center Left Wing Right Wing Time % Phy DF OF
1 Darren Helm Bobby Butler Ryan Vesce 40 1 2 2
2 Marek Zagrapan Nigel Dawes David Laliberté 30 1 2 2
3 Nicolas Blanchard Billy Sweat Bobby Butler 20 1 2 2
4 Corban Knight Josh Beaulieu Nigel Dawes 10 1 2 2
5 vs 5 Defense
Defense Defense Time % Phy DF OF
1 Cameron Schilling David Rundblad 40 1 2 2
2 Seth Helgeson Andrew Campbell 30 1 2 2
3 Robert Bortuzzo Taylor Aronson 20 1 2 2
4 Nick Pryor Cameron Schilling 10 1 2 2
PowerPlay Forward
Center Left Wing Right Wing Time % Phy DF OF
1 Darren Helm Bobby Butler Ryan Vesce 60 1 2 2
2 Marek Zagrapan Nigel Dawes David Laliberté 40 1 2 2
PowerPlay Defense
Defense Defense Time % Phy DF OF
1 Cameron Schilling David Rundblad 60 1 2 2
2 Seth Helgeson Andrew Campbell 40 1 2 2
Penalty Kill 4 Players Forward
Center Wing Time % Phy DF OF
1 Bobby Butler Nigel Dawes 60 1 2 2
2 Ryan Vesce Darren Helm 40 1 2 2
Penalty Kill 4 Players Defense
Defense Defense Time % Phy DF OF
1 Cameron Schilling David Rundblad 60 1 2 2
2 Seth Helgeson Andrew Campbell 40 1 2 2
Penalty Kill - 3 Players Forward
Forward Time % Phy DF OF
1 Bobby Butler 60 1 2 2
2 Nigel Dawes 40 1 2 2
Penalty Kill - 3 Players Defense
Defense Defense Time % Phy DF OF
1 Cameron Schilling David Rundblad 60 1 2 2
2 Seth Helgeson Andrew Campbell 40 1 2 2
4 vs 4 Forward
Center Wing Time % Phy DF OF
1 Bobby Butler Nigel Dawes 60 1 2 2
2 Ryan Vesce Darren Helm 40 1 2 2
4 vs 4 Defense
Defense Defense Time % Phy DF OF
1 Cameron Schilling David Rundblad 60 1 2 2
2 Seth Helgeson Andrew Campbell 40 1 2 2
Last Minutes Offensive
Center Left Wing Right Wing Defense Defense
Darren Helm Bobby Butler Ryan Vesce Cameron Schilling David Rundblad
Last Minutes Defensive
Center Left Wing Right Wing Defense Defense
Darren Helm Bobby Butler Ryan Vesce Cameron Schilling David Rundblad
Goaltenders
Starting : Joe Cannata
Backup : Jussi Rynnas
Extra Forwards
Normal : Vince Rocco, Billy Sweat, Nicolas Blanchard - PP : Vince Rocco, Billy Sweat - PK : Nicolas Blanchard
Extra Defensemen
Normal : Robert Bortuzzo, Taylor Aronson, Nick Pryor - PP : Robert Bortuzzo - PK : Taylor Aronson, Nick Pryor
Penalty Shots
Bobby Butler, Nigel Dawes, Ryan Vesce, Darren Helm, Marek Zagrapan
Scratches
Alex Hutchings (Broken Bone (Right Ankle) Injury), Matt D'Agostini (Suspend)
Gangsters
5 vs 5 Forward
Center Left Wing Right Wing Time % Phy DF OF
1 Artem Anisimov Nick Foligno Gustav Nyquist 40 1 2 2
2 Maxime Sauvé Magnus Paajarvi-Svensson Mikko Lehtonen 30 1 2 2
3 Sean Couturier Dave Dziurzynski Richard Panik 20 1 2 2
4 Ben Holmstrom Curtis McKenzie Stefan Noesen 10 1 2 2
5 vs 5 Defense
Defense Defense Time % Phy DF OF
1 Shaun Heska Matt Delahey 40 1 2 2
2 Michael Sdao Jonas Brodin 30 1 2 2
3 Taylor Doherty Shaun Heska 20 1 2 2
4 Matt Delahey Michael Sdao 10 1 2 2
PowerPlay Forward
Center Left Wing Right Wing Time % Phy DF OF
1 Artem Anisimov Nick Foligno Gustav Nyquist 60 1 2 2
2 Maxime Sauvé Magnus Paajarvi-Svensson Mikko Lehtonen 40 1 2 2
PowerPlay Defense
Defense Defense Time % Phy DF OF
1 Shaun Heska Matt Delahey 60 1 2 2
2 Michael Sdao Jonas Brodin 40 1 2 2
Penalty Kill 4 Players Forward
Center Wing Time % Phy DF OF
1 Gustav Nyquist Nick Foligno 60 1 2 2
2 Artem Anisimov Maxime Sauvé 40 1 2 2
Penalty Kill 4 Players Defense
Defense Defense Time % Phy DF OF
1 Shaun Heska Matt Delahey 60 1 2 2
2 Michael Sdao Jonas Brodin 40 1 2 2
Penalty Kill - 3 Players Forward
Forward Time % Phy DF OF
1 Gustav Nyquist 60 1 2 2
2 Nick Foligno 40 1 2 2
Penalty Kill - 3 Players Defense
Defense Defense Time % Phy DF OF
1 Shaun Heska Matt Delahey 60 1 2 2
2 Michael Sdao Jonas Brodin 40 1 2 2
4 vs 4 Forward
Center Wing Time % Phy DF OF
1 Gustav Nyquist Nick Foligno 60 1 2 2
2 Artem Anisimov Maxime Sauvé 40 1 2 2
4 vs 4 Defense
Defense Defense Time % Phy DF OF
1 Shaun Heska Matt Delahey 60 1 2 2
2 Michael Sdao Jonas Brodin 40 1 2 2
Last Minutes Offensive
Center Left Wing Right Wing Defense Defense
Artem Anisimov Nick Foligno Gustav Nyquist Shaun Heska Matt Delahey
Last Minutes Defensive
Center Left Wing Right Wing Defense Defense
Artem Anisimov Nick Foligno Gustav Nyquist Shaun Heska Matt Delahey
Goaltenders
Starting : Braden Holtby
Backup : Mike Condon
Extra Forwards
Normal : Phil McRae, Phillip Danault, Austen Brassard - PP : Phil McRae, Phillip Danault - PK : Austen Brassard
Extra Defensemen
Normal : Taylor Doherty, Jonas Brodin, Shaun Heska - PP : Taylor Doherty - PK : Jonas Brodin, Shaun Heska
Penalty Shots
Gustav Nyquist, Nick Foligno, Artem Anisimov, Maxime Sauvé, Mikko Lehtonen
Scratches
Brett Ponich (Right Foot Injury), Patrik Nemeth (Left Ankle Injury), Morgan Ellis (Bruised Left Leg Injury), Jordan Binnington (Healthy), Dustin Tokarski (Healthy)
% Time on Ice - Demolitions
Lines # - Real PCT - Wanted PCT - Time Play
Normal Forward
1 - 35% - 40% - 15:40
2 - 32% - 30% - 14:19
3 - 18% - 20% - 8:08
4 - 16% - 10% - 7:07
Normal Defense
1 - 38% - 40% - 17:03
2 - 31% - 30% - 13:55
3 - 26% - 20% - 11:56
4 - 5% - 10% - 2:20
PP Forward
1 - 55% - 60% - 1:08
2 - 45% - 40% - 0:55
PP Defense
1 - 52% - 60% - 1:04
2 - 48% - 40% - 0:59
PK Forward
1 - 68% - 60% - 8:37
2 - 32% - 40% - 4:06
PK Defense
1 - 59% - 60% - 7:31
2 - 41% - 40% - 5:12
PK3 Forward
1 - 0% - 60%
2 - 0% - 40%
PK3 Defense
1 - 0% - 60%
2 - 0% - 40%
44 Forward
1 - 0% - 60%
2 - 0% - 40%
44 Defense
1 - 0% - 60%
2 - 0% - 40%
Last Minute Offensive - 0:00
Last Minute Defensive - 0:00
Total
Forward - 60:00
Defense - 60:00
|
% Time on Ice - Gangsters
Lines # - Real PCT - Wanted PCT - Time Play
Normal Forward
1 - 33% - 40% - 14:59
2 - 26% - 30% - 11:36
3 - 24% - 20% - 10:50
4 - 17% - 10% - 7:49
Normal Defense
1 - 38% - 40% - 17:19
2 - 31% - 30% - 14:14
3 - 24% - 20% - 10:41
4 - 7% - 10% - 3:00
PP Forward
1 - 58% - 60% - 7:24
2 - 42% - 40% - 5:19
PP Defense
1 - 58% - 60% - 7:24
2 - 42% - 40% - 5:19
PK Forward
1 - 69% - 60% - 1:25
2 - 31% - 40% - 0:38
PK Defense
1 - 44% - 60% - 0:54
2 - 56% - 40% - 1:09
PK3 Forward
1 - 0% - 60%
2 - 0% - 40%
PK3 Defense
1 - 0% - 60%
2 - 0% - 40%
44 Forward
1 - 0% - 60%
2 - 0% - 40%
44 Defense
1 - 0% - 60%
2 - 0% - 40%
Last Minute Offensive - 0:00
Last Minute Defensive - 0:00
Total
Forward - 60:00
Defense - 60:00
|
Play by Play
1st period
0:01 of 1st period - Darren Helm wins face-off versus Artem Anisimov in neutral zone.
0:12 of 1st period - Slapshot by Gustav Nyquist.
0:12 of 1st period - Shot Misses the Net.
0:26 of 1st period - David Laliberté is hit by Maxime Sauvé and loses puck.
0:52 of 1st period - Matt Delahey is hit by Bobby Butler and loses puck.
1:09 of 1st period - Slapshot by Shaun Heska.
1:09 of 1st period - Shot Blocked by Nigel Dawes.
1:45 of 1st period - David Rundblad is hit by Michael Sdao and loses puck.
1:54 of 1st period - Minor Penalty to Mikko Lehtonen for Holding.
1:55 of 1st period - Darren Helm wins face-off versus Gustav Nyquist in Gangsters zone.
1:58 of 1st period - Snap shot by Ryan Vesce.
1:58 of 1st period - Goal by Ryan Vesce - Demolitions : 1 - Gangsters : 0.
1:59 of 1st period - Darren Helm wins face-off versus Sean Couturier in neutral zone.
2:33 of 1st period - Snap shot by David Laliberté.
2:33 of 1st period - Shot Hit the Post.
2:48 of 1st period - Icing by Andrew Campbell.
2:49 of 1st period - Maxime Sauvé wins face-off versus Marek Zagrapan in Demolitions zone.
2:56 of 1st period - Wrist shot by Mikko Lehtonen.
2:56 of 1st period - Stopped by Joe Cannata without a rebound.
2:57 of 1st period - Maxime Sauvé wins face-off versus Bobby Butler in Demolitions zone.
3:18 of 1st period - Cameron Schilling is hit by Michael Sdao and loses puck.
3:27 of 1st period - Snap shot by Mikko Lehtonen.
3:27 of 1st period - Stopped by Joe Cannata without a rebound.
3:28 of 1st period - Artem Anisimov wins face-off versus Corban Knight in Demolitions zone.
3:29 of 1st period - Wrist shot by Gustav Nyquist.
3:29 of 1st period - Shot Blocked by Nigel Dawes.
3:39 of 1st period - Wrist shot by Nigel Dawes.
3:39 of 1st period - Shot Hit the Post.
3:41 of 1st period - Slapshot by Andrew Campbell.
3:41 of 1st period - Deflect By Nigel Dawes.
3:41 of 1st period - Shot Blocked by Nick Foligno.
3:41 of 1st period - Puck is out of play.
3:42 of 1st period - Artem Anisimov wins face-off versus Darren Helm in Gangsters zone.
3:52 of 1st period - Nick Foligno is hit by David Rundblad and loses puck.
4:09 of 1st period - Icing by David Rundblad.
4:10 of 1st period - Sean Couturier wins face-off versus Marek Zagrapan in Demolitions zone.
4:21 of 1st period - Snap shot by Richard Panik.
4:21 of 1st period - Stopped by Joe Cannata with a rebound.
4:23 of 1st period - Slapshot by Taylor Doherty.
4:23 of 1st period - Shot Blocked by Robert Bortuzzo.
4:25 of 1st period - Snap shot by Sean Couturier.
4:25 of 1st period - Goal by Sean Couturier - Demolitions : 1 - Gangsters : 1.
4:26 of 1st period - Darren Helm wins face-off versus Artem Anisimov in neutral zone.
4:43 of 1st period - Minor Penalty to Jonas Brodin for Holding.
4:44 of 1st period - Gustav Nyquist wins face-off versus Darren Helm in Gangsters zone.
6:43 of 1st period - Penalty to Jonas Brodin is over, Jonas Brodin is back on ice.
6:52 of 1st period - Andrew Campbell is hit by Sean Couturier and loses puck.
7:03 of 1st period - Josh Beaulieu is hit by Jonas Brodin and loses puck.
7:43 of 1st period - David Rundblad is hit by Maxime Sauvé and loses puck.
7:56 of 1st period - Snap shot by Sean Couturier.
7:56 of 1st period - Goal by Sean Couturier - Demolitions : 1 - Gangsters : 2.
7:57 of 1st period - Artem Anisimov wins face-off versus Marek Zagrapan in neutral zone.
8:11 of 1st period - Minor Penalty to Nigel Dawes for Hooking.
8:12 of 1st period - Bobby Butler wins face-off versus Artem Anisimov in Demolitions zone.
8:20 of 1st period - Slapshot by Cameron Schilling.
8:20 of 1st period - Stopped by Braden Holtby without a rebound.
8:21 of 1st period - Gustav Nyquist wins face-off versus Nicolas Blanchard in Gangsters zone.
10:09 of 1st period - David Rundblad is hit by Matt Delahey and loses puck.
10:11 of 1st period - Penalty to Nigel Dawes is over, Nigel Dawes is back on ice.
11:05 of 1st period - Michael Sdao is hit by Nigel Dawes and loses puck.
11:20 of 1st period - Darren Helm is hit by Artem Anisimov and loses puck.
11:49 of 1st period - Off-side.
11:50 of 1st period - Sean Couturier wins face-off versus Corban Knight in neutral zone.
12:22 of 1st period - Minor Penalty to Nigel Dawes for Boarding.
12:23 of 1st period - Bobby Butler wins face-off versus Artem Anisimov in Demolitions zone.
12:38 of 1st period - Wrist shot by Gustav Nyquist.
12:38 of 1st period - Deflect By Nick Foligno.
12:38 of 1st period - Stopped by Joe Cannata with a rebound.
12:55 of 1st period - Wrist shot by Mikko Lehtonen.
12:55 of 1st period - Goal by Mikko Lehtonen - Demolitions : 1 - Gangsters : 3.
12:56 of 1st period - Artem Anisimov wins face-off versus Darren Helm in neutral zone.
13:09 of 1st period - Slapshot by Artem Anisimov.
13:09 of 1st period - Stopped by Joe Cannata with a rebound.
13:24 of 1st period - Minor Penalty to Nigel Dawes for Interference.
13:25 of 1st period - Artem Anisimov wins face-off versus Bobby Butler in Demolitions zone.
13:50 of 1st period - Cameron Schilling is hit by Magnus Paajarvi-Svensson and loses puck.
14:23 of 1st period - Icing by Maxime Sauvé.
14:24 of 1st period - Maxime Sauvé wins face-off versus Bobby Butler in Gangsters zone.
15:24 of 1st period - Penalty to Nigel Dawes is over, Nigel Dawes is back on ice.
15:27 of 1st period - Icing by Darren Helm.
15:28 of 1st period - Dave Dziurzynski wins face-off versus Ryan Vesce in Demolitions zone.
15:33 of 1st period - Wrist shot by Richard Panik.
15:33 of 1st period - Shot Blocked by Andrew Campbell.
17:37 of 1st period - Andrew Campbell is hit by Maxime Sauvé and loses puck.
17:44 of 1st period - Snap shot by Mikko Lehtonen.
17:44 of 1st period - Stopped by Joe Cannata with a rebound.
18:13 of 1st period - Matt Delahey is hit by Nicolas Blanchard and loses puck.
18:26 of 1st period - Taylor Doherty is hit by David Rundblad and loses puck.
18:57 of 1st period - Bobby Butler is hit by Maxime Sauvé and loses puck.
19:04 of 1st period - Slapshot by Mikko Lehtonen.
19:04 of 1st period - Shot Misses the Net.
19:51 of 1st period - Mikko Lehtonen is hit by Darren Helm and loses puck.
19:56 of 1st period - Wrist shot by Ryan Vesce.
19:56 of 1st period - Shot Misses the Net.
Goals for this period are 1 for Demolitions vs 3 for Gangsters.
Shots for this period are 2 for Demolitions vs 9 for Gangsters.
2nd period
0:01 of 2nd period - Artem Anisimov wins face-off versus Darren Helm in neutral zone.
0:10 of 2nd period - Snap shot by Nick Foligno.
0:10 of 2nd period - Shot Blocked by David Rundblad.
0:12 of 2nd period - Slapshot by Shaun Heska.
0:12 of 2nd period - Deflect By Artem Anisimov.
0:12 of 2nd period - Stopped by Joe Cannata without a rebound.
0:13 of 2nd period - Darren Helm wins face-off versus Artem Anisimov in Demolitions zone.
0:19 of 2nd period - Icing by Ryan Vesce.
0:20 of 2nd period - Artem Anisimov wins face-off versus Darren Helm in Demolitions zone.
0:21 of 2nd period - Snap shot by Gustav Nyquist.
0:21 of 2nd period - Shot Misses the Net.
0:23 of 2nd period - Snap shot by Gustav Nyquist.
0:23 of 2nd period - Shot Blocked by Bobby Butler.
0:25 of 2nd period - Slapshot by Matt Delahey.
0:25 of 2nd period - Deflect By Gustav Nyquist.
0:25 of 2nd period - Deflect By Cameron Schilling.
0:25 of 2nd period - Shot Misses the Net.
0:25 of 2nd period - Puck is out of play.
0:26 of 2nd period - Darren Helm wins face-off versus Artem Anisimov in Demolitions zone.
0:39 of 2nd period - Snap shot by Bobby Butler.
0:39 of 2nd period - Shot Misses the Net.
0:41 of 2nd period - Slapshot by David Rundblad.
0:41 of 2nd period - Deflect By Ryan Vesce.
0:41 of 2nd period - Shot Blocked by Nick Foligno.
0:41 of 2nd period - Puck is out of play.
0:42 of 2nd period - Marek Zagrapan wins face-off versus Maxime Sauvé in Gangsters zone.
0:47 of 2nd period - Slapshot by David Laliberté.
0:47 of 2nd period - Shot Misses the Net.
0:55 of 2nd period - Snap shot by Magnus Paajarvi-Svensson.
0:55 of 2nd period - Stopped by Joe Cannata with a rebound.
0:57 of 2nd period - Slapshot by Maxime Sauvé.
0:57 of 2nd period - Deflect By Magnus Paajarvi-Svensson.
0:57 of 2nd period - Shot Blocked by Cameron Schilling.
0:57 of 2nd period - Puck is out of play.
0:58 of 2nd period - Artem Anisimov wins face-off versus Darren Helm in Demolitions zone.
1:13 of 2nd period - Wrist shot by Ryan Vesce.
1:13 of 2nd period - Shot Misses the Net.
1:46 of 2nd period - Nicolas Blanchard is hit by Matt Delahey and loses puck.
1:52 of 2nd period - Minor Penalty to Cameron Schilling for Hooking.
1:53 of 2nd period - Bobby Butler wins face-off versus Nick Foligno in Demolitions zone.
1:53 of 2nd period - Bobby Butler is hit by Artem Anisimov.
3:42 of 2nd period - David Rundblad is hit by Michael Sdao and loses puck.
3:52 of 2nd period - Penalty to Cameron Schilling is over, Cameron Schilling is back on ice.
4:54 of 2nd period - Ryan Vesce is hit by Artem Anisimov and loses puck.
5:11 of 2nd period - Wrist shot by Corban Knight.
5:11 of 2nd period - Deflect By Josh Beaulieu.
5:11 of 2nd period - Stopped by Braden Holtby without a rebound.
5:12 of 2nd period - Corban Knight wins face-off versus Maxime Sauvé in Gangsters zone.
5:19 of 2nd period - Snap shot by Corban Knight.
5:19 of 2nd period - Shot Blocked by Shaun Heska.
6:00 of 2nd period - Slapshot by Richard Panik.
6:00 of 2nd period - Deflect By Sean Couturier.
6:00 of 2nd period - Shot Blocked by Seth Helgeson.
6:00 of 2nd period - Puck is out of play.
6:01 of 2nd period - Artem Anisimov wins face-off versus Darren Helm in Demolitions zone.
6:12 of 2nd period - Backhand shot by Gustav Nyquist.
6:12 of 2nd period - Shot Blocked by Ryan Vesce.
6:24 of 2nd period - David Rundblad is hit by Mikko Lehtonen and loses puck.
6:29 of 2nd period - Snap shot by Magnus Paajarvi-Svensson.
6:29 of 2nd period - Stopped by Joe Cannata with a rebound.
6:45 of 2nd period - Billy Sweat is hit by Taylor Doherty and loses puck.
6:54 of 2nd period - Snap shot by Dave Dziurzynski.
6:54 of 2nd period - Shot Misses the Net.
7:33 of 2nd period - Artem Anisimov is hit by Cameron Schilling and loses puck.
7:44 of 2nd period - Maxime Sauvé is hit by Josh Beaulieu and loses puck.
8:29 of 2nd period - Snap shot by Bobby Butler.
8:29 of 2nd period - Shot Blocked by Jonas Brodin.
8:41 of 2nd period - Darren Helm is hit by Gustav Nyquist and loses puck.
8:50 of 2nd period - Snap shot by Gustav Nyquist.
8:50 of 2nd period - Goal by Gustav Nyquist - Demolitions : 1 - Gangsters : 4.
8:50 of 2nd period - Jussi Rynnas enters game.
8:51 of 2nd period - Darren Helm wins face-off versus Artem Anisimov in neutral zone.
9:45 of 2nd period - Matt Delahey is hit by Billy Sweat and loses puck.
10:04 of 2nd period - Slapshot by Stefan Noesen.
10:04 of 2nd period - Stopped by Jussi Rynnas with a rebound.
10:06 of 2nd period - Snap shot by Shaun Heska.
10:06 of 2nd period - Deflect By Ben Holmstrom.
10:06 of 2nd period - Goal by Ben Holmstrom - Demolitions : 1 - Gangsters : 5.
10:07 of 2nd period - Darren Helm wins face-off versus Artem Anisimov in neutral zone.
10:33 of 2nd period - Maxime Sauvé is hit by David Laliberté and loses puck.
10:44 of 2nd period - Maxime Sauvé is hit by Seth Helgeson and loses puck.
10:59 of 2nd period - Dave Dziurzynski is hit by Bobby Butler and loses puck.
11:06 of 2nd period - Slapshot by Shaun Heska.
11:06 of 2nd period - Stopped by Jussi Rynnas with a rebound.
11:26 of 2nd period - Nigel Dawes is hit by Stefan Noesen and loses puck.
11:39 of 2nd period - David Rundblad is hit by Michael Sdao and loses puck.
12:16 of 2nd period - Matt Delahey is hit by Seth Helgeson.
12:20 of 2nd period - Gustav Nyquist is hit by Darren Helm.
12:30 of 2nd period - Snap shot by Magnus Paajarvi-Svensson.
12:30 of 2nd period - Shot Misses the Net.
12:52 of 2nd period - Nick Pryor is hit by Richard Panik and loses puck.
13:20 of 2nd period - Wrist shot by David Laliberté.
13:20 of 2nd period - Shot Misses the Net.
13:41 of 2nd period - Billy Sweat is hit by Dave Dziurzynski and loses puck.
14:03 of 2nd period - Michael Sdao is hit by Nigel Dawes and loses puck.
14:16 of 2nd period - Maxime Sauvé is hit by Seth Helgeson and loses puck.
14:33 of 2nd period - Artem Anisimov is hit by Cameron Schilling and loses puck.
14:55 of 2nd period - Billy Sweat is hit by Matt Delahey and loses puck.
15:12 of 2nd period - Snap shot by David Laliberté.
15:12 of 2nd period - Deflect By Artem Anisimov.
15:12 of 2nd period - Stopped by Braden Holtby without a rebound.
15:13 of 2nd period - Marek Zagrapan wins face-off versus Artem Anisimov in Gangsters zone.
15:24 of 2nd period - Seth Helgeson is hit by Matt Delahey and loses puck.
16:05 of 2nd period - Slapshot by Taylor Doherty.
16:05 of 2nd period - Deflect By Ben Holmstrom.
16:05 of 2nd period - Stopped by Jussi Rynnas with a rebound.
16:08 of 2nd period - Icing by Bobby Butler.
16:09 of 2nd period - Ben Holmstrom wins face-off versus Billy Sweat in Demolitions zone.
16:28 of 2nd period - Backhand shot by Nick Foligno.
16:28 of 2nd period - Deflect By Nigel Dawes.
16:28 of 2nd period - Stopped by Jussi Rynnas without a rebound.
16:29 of 2nd period - Nigel Dawes wins face-off versus Artem Anisimov in Demolitions zone.
17:04 of 2nd period - Backhand shot by Ryan Vesce.
17:04 of 2nd period - Shot Misses the Net.
18:12 of 2nd period - Magnus Paajarvi-Svensson is hit by Vince Rocco.
18:30 of 2nd period - Slapshot by David Rundblad.
18:30 of 2nd period - Deflect By Josh Beaulieu.
18:30 of 2nd period - Goal by Josh Beaulieu - Demolitions : 2 - Gangsters : 5.
18:31 of 2nd period - Darren Helm wins face-off versus Artem Anisimov in neutral zone.
18:58 of 2nd period - Shaun Heska is hit by David Rundblad and loses puck.
19:20 of 2nd period - Richard Panik is hit by Andrew Campbell and loses puck.
Goals for this period are 1 for Demolitions vs 2 for Gangsters.
Shots for this period are 3 for Demolitions vs 9 for Gangsters.
3rd period
0:01 of 3rd period - Darren Helm wins face-off versus Artem Anisimov in neutral zone.
0:08 of 3rd period - Snap shot by Darren Helm.
0:08 of 3rd period - Shot Blocked by Artem Anisimov.
0:13 of 3rd period - Matt Delahey is hit by Ryan Vesce and loses puck.
0:19 of 3rd period - Minor Penalty to Darren Helm for Hooking.
0:20 of 3rd period - Bobby Butler wins face-off versus Artem Anisimov in Demolitions zone.
2:19 of 3rd period - Penalty to Darren Helm is over, Darren Helm is back on ice.
2:21 of 3rd period - Wrist shot by Phil McRae.
2:21 of 3rd period - Stopped by Jussi Rynnas without a rebound.
2:22 of 3rd period - Marek Zagrapan wins face-off versus Sean Couturier in Demolitions zone.
3:00 of 3rd period - Icing by Seth Helgeson.
3:01 of 3rd period - Artem Anisimov wins face-off versus Nicolas Blanchard in Demolitions zone.
3:16 of 3rd period - Snap shot by Nick Foligno.
3:16 of 3rd period - Deflect By Nicolas Blanchard.
3:16 of 3rd period - Shot Blocked by Nicolas Blanchard.
3:16 of 3rd period - Puck is out of play.
3:17 of 3rd period - Magnus Paajarvi-Svensson wins face-off versus Darren Helm in Demolitions zone.
3:22 of 3rd period - Wrist shot by Mikko Lehtonen.
3:22 of 3rd period - Shot Misses the Net.
3:24 of 3rd period - Slapshot by Shaun Heska.
3:24 of 3rd period - Stopped by Jussi Rynnas with a rebound.
3:26 of 3rd period - Snap shot by Matt Delahey.
3:26 of 3rd period - Shot Misses the Net.
4:04 of 3rd period - Dave Dziurzynski is hit by Corban Knight and loses puck.
4:09 of 3rd period - Wrist shot by Corban Knight.
4:09 of 3rd period - Stopped by Braden Holtby with a rebound.
4:11 of 3rd period - Snap shot by Nigel Dawes.
4:11 of 3rd period - Stopped by Braden Holtby without a rebound.
4:12 of 3rd period - Maxime Sauvé wins face-off versus Darren Helm in Gangsters zone.
4:39 of 3rd period - Michael Sdao is hit by Andrew Campbell.
4:43 of 3rd period - Wrist shot by Gustav Nyquist.
4:43 of 3rd period - Stopped by Jussi Rynnas with a rebound.
5:12 of 3rd period - Josh Beaulieu is hit by Curtis McKenzie and loses puck.
5:25 of 3rd period - Backhand shot by Matt Delahey.
5:25 of 3rd period - Deflect By Bobby Butler.
5:25 of 3rd period - Stopped by Jussi Rynnas with a rebound.
6:04 of 3rd period - Snap shot by Mikko Lehtonen.
6:04 of 3rd period - Stopped by Jussi Rynnas without a rebound.
6:05 of 3rd period - Artem Anisimov wins face-off versus Marek Zagrapan in Demolitions zone.
6:21 of 3rd period - Minor Penalty to Seth Helgeson for Tripping.
6:22 of 3rd period - Bobby Butler wins face-off versus Artem Anisimov in Demolitions zone.
8:21 of 3rd period - Penalty to Seth Helgeson is over, Seth Helgeson is back on ice.
8:38 of 3rd period - Darren Helm is hit by Matt Delahey.
8:41 of 3rd period - Off-side.
8:42 of 3rd period - Ben Holmstrom wins face-off versus David Laliberté in neutral zone.
9:09 of 3rd period - Snap shot by Nicolas Blanchard.
9:09 of 3rd period - Stopped by Braden Holtby without a rebound.
9:10 of 3rd period - Nicolas Blanchard wins face-off versus Sean Couturier in Gangsters zone.
9:17 of 3rd period - Wrist shot by Bobby Butler.
9:17 of 3rd period - Shot Misses the Net.
10:12 of 3rd period - Snap shot by Richard Panik.
10:12 of 3rd period - Goal by Richard Panik - Demolitions : 2 - Gangsters : 6.
10:13 of 3rd period - Artem Anisimov wins face-off versus Marek Zagrapan in neutral zone.
10:38 of 3rd period - Marek Zagrapan is hit by Richard Panik and loses puck.
10:48 of 3rd period - Icing by Shaun Heska.
10:49 of 3rd period - Darren Helm wins face-off versus Sean Couturier in Gangsters zone.
10:52 of 3rd period - Wrist shot by Bobby Butler.
10:52 of 3rd period - Shot Misses the Net.
10:54 of 3rd period - Slapshot by Seth Helgeson.
10:54 of 3rd period - Stopped by Braden Holtby without a rebound.
10:55 of 3rd period - Artem Anisimov wins face-off versus Darren Helm in Gangsters zone.
11:02 of 3rd period - Snap shot by Nick Foligno.
11:02 of 3rd period - Stopped by Jussi Rynnas with a rebound.
11:04 of 3rd period - Snap shot by Nick Foligno.
11:04 of 3rd period - Stopped by Jussi Rynnas without a rebound.
11:05 of 3rd period - Darren Helm wins face-off versus Artem Anisimov in Demolitions zone.
11:12 of 3rd period - Slapshot by Darren Helm.
11:12 of 3rd period - Shot Misses the Net.
11:14 of 3rd period - Wrist shot by Bobby Butler.
11:14 of 3rd period - Stopped by Braden Holtby with a rebound.
11:16 of 3rd period - Wrist shot by David Rundblad.
11:16 of 3rd period - Deflect By Ryan Vesce.
11:16 of 3rd period - Stopped by Braden Holtby with a rebound.
11:18 of 3rd period - Snap shot by Ryan Vesce.
11:18 of 3rd period - Shot Misses the Net.
11:23 of 3rd period - Icing by Matt Delahey.
11:24 of 3rd period - Artem Anisimov wins face-off versus Marek Zagrapan in Gangsters zone.
11:33 of 3rd period - Snap shot by Marek Zagrapan.
11:33 of 3rd period - Shot Blocked by Matt Delahey.
11:35 of 3rd period - Snap shot by David Rundblad.
11:35 of 3rd period - Shot Misses the Net.
11:37 of 3rd period - Wrist shot by David Laliberté.
11:37 of 3rd period - Stopped by Braden Holtby with a rebound.
11:39 of 3rd period - Snap shot by Nigel Dawes.
11:39 of 3rd period - Shot Misses the Net.
11:56 of 3rd period - Wrist shot by Ryan Vesce.
11:56 of 3rd period - Stopped by Braden Holtby without a rebound.
11:57 of 3rd period - Ryan Vesce wins face-off versus Maxime Sauvé in Gangsters zone.
12:33 of 3rd period - Snap shot by Gustav Nyquist.
12:33 of 3rd period - Stopped by Jussi Rynnas with a rebound.
12:49 of 3rd period - Nicolas Blanchard is hit by Dave Dziurzynski and loses puck.
13:06 of 3rd period - Snap shot by Josh Beaulieu.
13:06 of 3rd period - Shot Blocked by Matt Delahey.
13:22 of 3rd period - Minor Penalty to Taylor Aronson for Holding.
13:23 of 3rd period - Bobby Butler wins face-off versus Artem Anisimov in Demolitions zone.
13:36 of 3rd period - Snap shot by Artem Anisimov.
13:36 of 3rd period - Shot Misses the Net.
13:38 of 3rd period - Snap shot by Nick Foligno.
13:38 of 3rd period - Goal by Nick Foligno - Demolitions : 2 - Gangsters : 7.
13:39 of 3rd period - Darren Helm wins face-off versus Artem Anisimov in neutral zone.
14:06 of 3rd period - Minor Penalty to Ryan Vesce for Holding.
14:07 of 3rd period - Bobby Butler wins face-off versus Artem Anisimov in Demolitions zone.
14:32 of 3rd period - Maxime Sauvé is hit by Nicolas Blanchard and loses puck.
14:41 of 3rd period - Slapshot by Cameron Schilling.
14:41 of 3rd period - Stopped by Braden Holtby without a rebound.
14:42 of 3rd period - Artem Anisimov wins face-off versus Bobby Butler in Gangsters zone.
15:07 of 3rd period - Mikko Lehtonen is hit by Seth Helgeson and loses puck.
15:16 of 3rd period - Slapshot by Nicolas Blanchard.
15:16 of 3rd period - Stopped by Braden Holtby with a rebound.
16:06 of 3rd period - Penalty to Ryan Vesce is over, Ryan Vesce is back on ice.
16:18 of 3rd period - Wrist shot by Richard Panik.
16:18 of 3rd period - Stopped by Jussi Rynnas without a rebound.
16:19 of 3rd period - Sean Couturier wins face-off versus Marek Zagrapan in Demolitions zone.
16:20 of 3rd period - Slapshot by Dave Dziurzynski.
16:20 of 3rd period - Stopped by Jussi Rynnas with a rebound.
17:05 of 3rd period - Snap shot by Corban Knight.
17:05 of 3rd period - Deflect By Josh Beaulieu.
17:05 of 3rd period - Stopped by Braden Holtby without a rebound.
17:06 of 3rd period - Maxime Sauvé wins face-off versus Marek Zagrapan in Gangsters zone.
17:17 of 3rd period - Maxime Sauvé is hit by Nigel Dawes and loses puck.
17:28 of 3rd period - Darren Helm is hit by Gustav Nyquist and loses puck.
18:07 of 3rd period - Wrist shot by Magnus Paajarvi-Svensson.
18:07 of 3rd period - Stopped by Jussi Rynnas without a rebound.
18:08 of 3rd period - Maxime Sauvé wins face-off versus Vince Rocco in Demolitions zone.
18:31 of 3rd period - Wrist shot by David Laliberté.
18:31 of 3rd period - Deflect By Marek Zagrapan.
18:31 of 3rd period - Shot Blocked by Michael Sdao.
18:31 of 3rd period - Puck is out of play.
18:32 of 3rd period - Artem Anisimov wins face-off versus Bobby Butler in Gangsters zone.
19:51 of 3rd period - Andrew Campbell is hit by Michael Sdao and loses puck.
Goals for this period are 0 for Demolitions vs 2 for Gangsters.
Shots for this period are 11 for Demolitions vs 13 for Gangsters.
Back to the Top